 Dungeon Crawl Stone Soup version 0.28-a0-773-g130ae17fe5 (webtiles) character file.

Game seed: 3703948937236075888

648 pokeman the Magician (level 7, 0/38 HPs)
             Began as a Deep Elf Hedge Wizard on Nov 1, 2021.
             Killed from afar by a white imp (4 damage)
             ... with a puff of frost
             ... on level 6 of the Dungeon.
             The game lasted 00:08:29 (4616 turns).

pokeman the Magician (Deep Elf Hedge Wizard)        Turns: 4616, Time: 00:08:30

Health: 0/38       AC:  4    Str: 13    XL:     7   Next: 27%
Magic:  25/29      EV: 12    Int: 21    God:
Gold:   157        SH:  0    Dex: 14    Spells: 10/21 levels left

rFire   . . .      SeeInvis .   m - staff of death
rCold   . . .      Faith    .   (no shield)
rNeg    + . .      Spirit   .   l - +0 leather armour
rPois   .          Reflect  .   c - +0 hat
rElec   .          Harm     .   u - +0 cloak
rCorr   .          Rampage  .   (no gloves)
Will    .....                   (no boots)
Stlth   ++........              (no amulet)
HPRegen 0.12/turn               n - ring of magical power
MPRegen 0.21/turn               s - +6 ring of strength

@: on blink cooldown
A: no striking features
a: no special abilities


You were on level 6 of the Dungeon.
You visited 1 branch of the dungeon, and saw 6 of its levels.

You collected 157 gold pieces.

Inventory:

Missiles
 e - 88 bolts
 g - 16 arrows
Armour
 c - a +0 hat (worn)
 l - a +0 leather armour (worn)
 u - a +0 cloak (worn)
Magical Staves
 m - a staff of death (weapon)
Jewellery
 n - a ring of magical power (left hand)
 s - a +6 ring of strength (right hand)
Wands
 r - a wand of mindburst (19)
 v - a wand of iceblast (4)
Scrolls
 a - a scroll of silence {unknown}
 b - 2 scrolls of identify {unknown}
 d - 2 scrolls of teleportation {unknown}
 f - 2 scrolls of amnesia {unknown}
 j - a scroll of summoning {unknown}
 o - a scroll of holy word {unknown}
 p - a scroll of noise {unknown}
 t - a scroll of fear {unknown}
Potions
 h - a potion of brilliance {unknown}
 i - 3 potions of cancellation {unknown}
 k - a potion of heal wounds {unknown}
 q - 2 potions of degeneration {unknown}


   Skills:
 - Level 1.4 Fighting
 - Level 1.3 Armour
 - Level 3.0 Dodging
 + Level 3.9 Stealth
 * Level 7.9 Spellcasting
 + Level 3.8 Conjurations
 - Level 1.1 Summonings
 - Level 1.2 Necromancy
 - Level 1.1 Translocations
 + Level 2.3 Fire Magic


You had 10 spell levels left.
You knew the following spells:

 Your Spells              Type           Power      Damage    Failure   Level
a - Magic Dart            Conj           96%        1d7       1%          1
b - Mephitic Cloud        Conj/Pois/Air  13%        N/A       19%         3
c - Call Imp              Summ           13%        N/A       10%         2
d - Blink                 Tloc           26%        N/A       10%         2
e - Conjure Flame         Conj/Fire      21%        6-21      9%          3

Your spell library contained the following spells:

 Spells                   Type           Power      Damage    Failure   Level
 Slow                     Hex            32%        N/A       11%         1


Dungeon Overview and Level Annotations

Branches:
Dungeon (6/15)
 Temple: D:4-7

Altars:

Shops:
D:2 *


Message History

* * * LOW HITPOINT WARNING * * *
The bullfrog closely misses you.
Casting: Magic Dart (safe; 2% risk of failure)
Confirm with . or Enter, or press ? or * to list all spells.
Aiming: Magic Dart (safe; 2% risk of failure)
Press: ? - help, Shift-Dir - straight line, f/p - bullfrog
Aim: a bullfrog (almost dead, 100% to hit)
The magic dart hits the bullfrog.
You kill the bullfrog!
Unknown command.
Found an escape hatch in the floor.
Found a stone staircase leading up.
A bullfrog skeleton comes into view.
Found a stone staircase leading up.
Found 15 gold pieces.
An orc comes into view. It is wielding a +0 flail.
There is a stone staircase leading up here.
Found 17 gold pieces.
A necrophage comes into view.
Found a cloak.
You now have 157 gold pieces (gained 17).
Found 21 stones.
Found a dagger.
You see here a +0 cloak.
A white imp comes into view.
The white imp shouts!
The white imp hits you.
* * * LOW HITPOINT WARNING * * *
The white imp freezes you.
* * * LOW HITPOINT WARNING * * *
Casting: Magic Dart (safe; 1% risk of failure)
Confirm with . or Enter, or press ? or * to list all spells.
You blink.
Unknown command.
Casting: Blink (safe; 10% risk of failure)
Confirm with . or Enter, or press ? or * to list all spells.
A shadowy apparition takes form in the air.
The white imp gestures at you. The puff of frost hits you.
You die...

######### ###
####........ ..#
.<.....# #.#
#.##o#$# #5#
#.##.#(# #.#
#.##.#.# #@#
#.##.#.##### #5#
#...o......# #.#
....#..###.# #ยง#
......[###.#####.#
##.#........o..o.#
#....#.###.#######
.....).......
#...######.###


You could see a white imp (ally target), an orc and a friendly shadow imp
(summoned).

Vanquished Creatures
  2 ogres
  2 bullfrogs (D:6)
  A jelly (D:6)
  An orc priest (D:3)
  A gnoll shaman (D:6)
  3 orc wizards
  A killer bee zombie (D:6)
  A hound skeleton (D:4)
  A howler monkey skeleton (D:6)
  7 gnolls
  An adder (D:3)
  An ufetubus (D:4)
  3 dart slugs
  An orc (D:3)
  5 ball pythons
  7 endoplasms
  2 giant cockroaches (D:3)
  A goblin (D:3)
  6 hobgoblins
  5 quokkas
  7 bats
  2 frilled lizards (D:1)
  5 kobolds
  6 rats
72 creatures vanquished.

Notes
Turn   | Place    | Note
-------+----------+-------------------------------------------
     0 | D:1      | pokeman the Deep Elf Hedge Wizard began the quest for the
                  | Orb.
     0 | D:1      | Reached XP level 1. HP: 10/10 MP: 7/7
   353 | D:1      | Reached XP level 2. HP: 12/15 MP: 0/9
   787 | D:1      | Found a faded altar of an unknown god.
  1048 | D:1      | Reached skill level 5 in Spellcasting
  1173 | D:1      | Reached XP level 3. HP: 20/20 MP: 8/11
  1177 | D:1      | Learned a level 3 spell: Mephitic Cloud
  1180 | D:1      | Learned a level 2 spell: Call Imp
  1183 | D:1      | Learned a level 2 spell: Blink
  1187 | D:1      | Learned a level 3 spell: Conjure Flame
  1559 | D:2      | Found Icewodox's Assorted Antiques.
  2424 | D:3      | Reached skill level 1 in Fighting
  2649 | D:3      | Noticed an ogre
  2702 | D:3      | Killed an ogre
  2703 | D:3      | Reached skill level 1 in Armour
  2703 | D:3      | Reached skill level 6 in Spellcasting
  2703 | D:3      | Reached XP level 4. HP: 25/25 MP: 3/14
  2852 | D:3      | Reached XP level 5. HP: 29/29 MP: 10/15
  3529 | D:3      | Reached skill level 1 in Necromancy
  3938 | D:4      | You fall into a shaft and drop 2 floors!
  3944 | D:6      | Reached XP level 6. HP: 26/34 MP: 17/17
  4060 | D:6      | Reached skill level 1 in Fire Magic
  4067 | D:6      | Reached skill level 7 in Spellcasting
  4224 | D:5      | Entered Level 5 of the Dungeon
  4494 | D:6      | Reached XP level 7. HP: 12/38 MP: 20/20
  4616 | D:6      | Killed from afar by a white imp

Illustrated notes

Levels and vault maps discovered:
D:1:      heliophobic_arrival_ceremonial_halls, layout_rooms,
          shapermc_ecumenical_altar_mp_urbaneastern, minmay_crystal_room,
          minmay_ruptured
D:2:      layout_basic, serial_shops, shop
D:3:      layout_loops_corners, chequers_serial_rivers_room_a
D:4:      layout_loops_corners
D:5:      layout_loops_ring, okawaru_altar_gauntlet_db,
          mainiacjoe_overflow_surrounded_room, minmay_temple_entry_junction,
          hangedman_decor_growths
D:6:      layout_loops_ring, tgw_kikubaaqudgha, portal_sewer_entry_b

Skill      XL: |  1  2  3  4  5  6 |
---------------+-------------------+-----
Spellcasting   | 5 6 7 |  7.9
Fighting       | 1 |  1.4
Conjurations   | 2 3 |  3.8
Armour         | 1 |  1.3
Necromancy     | 1 |  1.2
Dodging        | 3 |  3.0
Fire Magic     | 2 |  2.3
Stealth        | 3 |  3.9
Summonings     | |  1.1
Translocations | |  1.1

Action                   |  1- 3 |  4- 6 |  7- 9 || total
-------------------------+-------+-------+-------++-------
Melee: Dagger            |    10 |       |       ||    10
       Staff             |     2 |    21 |     1 ||    24
 Cast: Magic Dart        |   120 |    56 |     9 ||   185
       Mephitic Cloud    |     2 |     6 |     1 ||     9
       Conjure Flame     |     1 |     4 |     1 ||     6
       Blink             |       |       |     1 ||     1
       Call Imp          |       |       |     1 ||     1
 Stab: Confused          |     1 |     1 |       ||     2
Armor: Robe              |     4 |       |       ||     4
       Leather armour    |       |     3 |       ||     3
Dodge: Dodged            |    27 |    13 |     4 ||    44

Table legend: (Time is in decaauts)
 A = Elapsed time spent in this place.
 B = Non-inter-level travel time spent in this place.
 C = Inter-level travel time spent in this place.
 D = Time resting spent in this place.
 E = Time spent auto-exploring this place.
 F = Levels seen in this place.
 G = Mean time per level.
                   A        B        C        D        E       F      G
               +--------+--------+--------+--------+--------+-----+--------+
         Total |   4618 |   4558 |     60 |    276 |   3675 |   6 |  769.7 |
       Dungeon |   4618 |   4558 |     60 |    276 |   3675 |   6 |  769.7 |
               +--------+--------+--------+--------+--------+-----+--------+

Top non-repeatable levels by time:
     D:1: 1546 daAuts
     D:3: 1403 daAuts
     D:2: 839 daAuts
     D:6: 417 daAuts
     D:5: 261 daAuts
     D:4: 149 daAuts
